 Dungeon Crawl Stone Soup version 0.27-a0-1196-g3e9cee4cb2 (webtiles) character file.

Game seed: 6987874878805152899

109 lightspider the Skirmisher (level 4, 0/41 HPs)
             Began as a Draconian Monk on May 28, 2021.
             Was a Follower of Uskayaw.
             Slain by an orc wizard
             ... wielding a +0 dagger
              (3 damage)
             ... on level 3 of the Dungeon.
             The game lasted 00:09:59 (2357 turns).

lightspider the Skirmisher (Draconian Monk)         Turns: 2357, Time: 00:10:00

Health: 0/41       AC:  5    Str: 13    XL:     4   Next: 59%
Magic:  4/4        EV: 13    Int: 10    God:    Uskayaw [*.....]
Gold:   113        SH:  0    Dex: 15    Spells: 3/3 levels left

rFire    . . .     SeeInvis .   a - +0 spear
rCold    . . .     Faith    .   (no shield)
rNeg     . . .     Spirit   .   (armour unavailable)
rPois    .         Reflect  .   (helmet restricted)
rElec    .         Harm     .   (no cloak)
rCorr    .         Rampage  .   (no gloves)
Will     .....                  (no boots)
Stlth    +.........             (no amulet)
HPRegen  0.13/turn              (no ring)
MPRegen  0.09/turn              (no ring)

@: confused, weak-willed
A: AC +5, unfitting armour, cold-blooded
a: Renounce Religion, Stomp


You were on level 3 of the Dungeon.
You worshipped Uskayaw.
Uskayaw was noncommittal.
You visited 1 branch of the dungeon, and saw 3 of its levels.

You collected 113 gold pieces.

Inventory:

Hand Weapons
 a - a +0 spear (weapon)
Jewellery
 i - a +4 ring of evasion
Wands
 m - a wand of polymorph (7)
Scrolls
 f - a scroll of identify {unknown}
 g - a scroll of amnesia {unknown}
 h - a scroll of blinking {unknown}
 j - a scroll of noise {unknown}
 k - 3 scrolls of magic mapping {unknown}
 l - a scroll of enchant weapon {unknown}
Potions
 e - a potion of ambrosia {unknown}


   Skills:
 * Level 4.3 Fighting
 + Level 3.4 Polearms
 + Level 3.1 Dodging
 + Level 2.5 Stealth
 + Level 1.4 Unarmed Combat


You had 3 spell levels left.
You didn't know any spells.
Your spell library contained the following spells:

 Spells                   Type           Power      Damage    Failure   Level
 Magic Dart               Conj           0%         1d3       36%         1
 Summon Small Mammal      Summ           0%         N/A       36%         1
 Blink                    Tloc           N/A        N/A       50%         2
 Call Imp                 Summ           0%         N/A       50%         2
 Slow                     Hex            0%         N/A       50%         2
 Call Canine Familiar     Summ           0%         N/A       75%         3
 Conjure Flame            Conj/Fire      0%         6-21      75%         3
 Mephitic Cloud           Conj/Pois/Air  0%         N/A       75%         3
 Summon Guardian Golem    Hex/Summ       0%         N/A       75%         3
 Summon Ice Beast         Ice/Summ       0%         N/A       98%         4
 Summon Lightning Spire   Summ/Air       0%         N/A       98%         4


Dungeon Overview and Level Annotations

Branches:
Dungeon (3/15)

Altars:
Uskayaw

Shops:
D:2 (   D:3 (


Innate Abilities, Weirdness & Mutations

Your plain brown scales are hard. (AC +5)
You cannot fit into any form of body armour.
You are cold-blooded and may be slowed by cold attacks.


Message History

You miss the orc wizard.
Your tail-slap misses the orc wizard.
The orc wizard is heavily wounded.
An orc comes into view. It is wielding a +0 dagger.
The orc shouts!
You hit the orc wizard but do no damage.
The orc wizard is heavily wounded.
You feel less confused. The orc wizard misses you.
You miss the orc wizard.
The orc wizard is heavily wounded.
The orc wizard barely misses you.
You hit the orc wizard.
The orc wizard is heavily wounded.
The orc wizard hits you with a +0 dagger.
* * * LOW HITPOINT WARNING * * *
It was a potion of curing.
You feel better.
The orc wizard casts a spell at itself.
The orc wizard flickers and vanishes!
Deactivating autopickup; reactivate with Ctrl-A.
The rat twitches its whiskers.
You hit something. Something barely misses you.
You barely miss something. Something hits you.
* * * LOW HITPOINT WARNING * * *
You hit something but do no damage. You tail-slap something.
You hear some strange, mumbled words.
Something tries to affect you, but you resist.
You miss something. Something hits you but does no damage.
You miss something.
You hear some strange, mumbled words.
A magic dart appears from out of thin air!
The magic dart hits you.
* * * LOW HITPOINT WARNING * * *
You hear some strange, mumbled words.
You are confused.
Something hits you.
* * * LOW HITPOINT WARNING * * *
You bump into the rock wall.
Something hits you.
* * * LOW HITPOINT WARNING * * *
It was a potion of magic.
Magic courses through your body. Something hits you.
You die...

#.# #.##.#######...≈≈≈≈≈≈ #.#
####.##.###........≈≈≈≈≈ #.#
#.....#.##.........≈≈≈≈≈ #.#
#.....#.##........≈.≈≈≈≈ #.#
#.....#.##.####....≈≈≈≈≈ #.#
####'##.##.# ##...≈≈≈≈# # #.#
#.##.##)# ###.≈≈###.# . #.#
#.##.##.#############.#.# #.#
#.......@.ro....)†)......
#.#########.##.###########......
#...........##.# #.......
##############.# .........
###.......#####.# ...r.o.....
#<..#####.......# ..#..........
##..# ######### #.o...?.....o
#..# #.........o.. #..#
.............


You could see an orc and a rat (weak-willed).

Vanquished Creatures
  Ijyb (D:3)
  2 adders
  A worm (D:2)
  A dart slug (D:1)
  6 orcs (D:3)
  A ball python (D:3)
  5 endoplasms
  A giant cockroach (D:1)
  3 goblins
  A hobgoblin (D:1)
  8 jackals (D:1)
  6 kobolds
  A quokka (D:2)
  5 bats (D:1)
  3 frilled lizards
  6 rats
51 creatures vanquished.

Vanquished Creatures (others)
  A demonic plant (D:1)
  A fungus (D:1)
  4 plants (D:1)
6 creatures vanquished.

Grand Total: 57 creatures vanquished

Notes
Turn   | Place    | Note
-------+----------+-------------------------------------------
     0 | D:1      | lightspider the Draconian Monk began the quest for the Orb.
     0 | D:1      | Reached XP level 1. HP: 19/19 MP: 1/1
    78 | D:1      | Found a faded altar of an unknown god.
   118 | D:1      | Became a worshipper of Uskayaw the Reveller
   118 | D:1      | Reached * piety under Uskayaw
   118 | D:1      | Reached ** piety under Uskayaw
   133 | D:1      | Reached *** piety under Uskayaw
   139 | D:1      | Reached XP level 2. HP: 24/26 MP: 2/2
   140 | D:1      | Reached **** piety under Uskayaw
   147 | D:1      | Reached ***** piety under Uskayaw
   615 | D:1      | Reached XP level 3. HP: 33/33 MP: 3/3
  1203 | D:2      | Found Daulur's Antique Weapon Shop.
  1225 | D:2      | Reached skill level 1 in Unarmed Combat
  1695 | D:2      | Reached skill level 4 in Fighting
  2053 | D:3      | Reached XP level 4. HP: 35/40 MP: 4/4
  2115 | D:3      | Found Kotued's Weapon Shoppe.
  2182 | D:3      | Noticed Ijyb
  2231 | D:3      | Killed Ijyb
  2346 | D:3      | HP: 2/41 [orc wizard/+0 dagger (2)]
  2357 | D:3      | Slain by an orc wizard

Illustrated notes

Levels and vault maps discovered:
D:1:      minmay_arrival_loop, layout_loops_cross, shapermc_ecumenical_altar_gd
D:2:      layout_basic, serial_shops, shop
D:3:      layout_basic, elyvilon_altar_1, ebering_ghost_rock_garden,
          serial_shops, shop_fountains, nicolae_underground_beach, uniq_ijyb

Skill      XL: |  1  2  3 |
---------------+----------+-----
Stealth        | 2 |  2.5
Dodging        | 3 |  3.1
Unarmed Combat | 1 |  1.4
Fighting       | 4 |  4.3
Polearms       | |  3.4

Action                   |  1- 3 |  4- 6 || total
-------------------------+-------+-------++-------
Melee: Spear             |   160 |    53 ||   213
       Tailslap          |    17 |     6 ||    23
       Unarmed           |       |    17 ||    17
  Use: Potion            |       |     2 ||     2
       Scroll            |       |     1 ||     1
 Stab: Paralysed         |     3 |     1 ||     4
       Sleeping          |     6 |       ||     6
Armor: Skin              |    40 |    14 ||    54
Dodge: Dodged            |    60 |    19 ||    79

Table legend: (Time is in decaauts)
 A = Elapsed time spent in this place.
 B = Non-inter-level travel time spent in this place.
 C = Inter-level travel time spent in this place.
 D = Time resting spent in this place.
 E = Time spent auto-exploring this place.
 F = Levels seen in this place.
 G = Mean time per level.
                   A        B        C        D        E       F      G
               +--------+--------+--------+--------+--------+-----+--------+
         Total |   2334 |   2258 |     76 |    281 |   1492 |   3 |  778.0 |
       Dungeon |   2334 |   2258 |     76 |    281 |   1492 |   3 |  778.0 |
               +--------+--------+--------+--------+--------+-----+--------+

Top non-repeatable levels by time:
     D:1: 1093 daAuts
     D:2: 921 daAuts
     D:3: 319 daAuts
